Peoria Rivermen vs Reno Silver Aces
Created - Tuesday, February 10, 2026 at 07:34
Goals
|
| Peoria Rivermen |
0 |
1 |
0 |
1 |
| Reno Silver Aces |
0 |
1 |
2 |
3 |
|
Shots
|
| Peoria Rivermen |
9 |
8 |
18 |
35 |
| Reno Silver Aces |
10 |
9 |
17 |
36 |
|
1st period
No Goal
Penalties :
Colin Blackwell (PRM) for Tripping (Minor) at 11:14
2nd period
1. Peoria Rivermen , Jonas Rondbjerg 6 (Colin Blackwell 12, Yanni Gourde 17) at 5:43 (PP)
2. Reno Silver Aces , Patrick Brown 7 (Vincent Hinostroza 25, Tanner Laczynski 10) at 13:57
Penalties :
Yanni Gourde (PRM) for Roughing (Minor) at 0:21, Anthony Duclair (RSA) for Goalie Interference (Minor) at 4:34, Matt Nieto (RSA) for Tripping (Minor) at 8:04, Tyler Tucker (PRM) for Interference (Minor) at 19:16
3rd period
3. Reno Silver Aces , Charles-Alexis Legault 3 (Dylan Duke 9, Kieffer Bellows 7) at 16:00 (PP)
4. Reno Silver Aces , Matt Savoie 18 (Owen Beck 20, Matt Nieto 6) at 16:53
Penalties :
Anthony Duclair (RSA) for Cross-checking (Minor) at 13:41, Tyler Tucker (PRM) for Cross-checking (Minor) at 15:53, Charles-Alexis Legault (RSA) for Fighting (Major) at 17:00, John Leonard (PRM) for Fighting (Major) at 17:00
Goalie Stats
Jaxson Stauber (PRM), 33 saves from 36 shots - (0.917), L, 9-8-1, 60:00 minutes
Ville Husso (RSA), 34 saves from 35 shots - (0.971), W, 12-2-2, 60:00 minutes
Players Stats for Peoria Rivermen
Player Name G A P +/- PIM S H SB GA TA FO MP PP MP PK MP
------------------------------------------------------------------------------------
0 0 0 0 0 0 0 0 0 0 0/0 0:00 0:00 0:00
Colin Blackwell 0 1 1 -1 2 6 0 0 0 0 1/1 17:00 2:07 0:00
Gabriel Szturc 0 0 0 0 0 0 1 0 0 0 1/1 5:13 1:09 0:00
Jalen Chatfield 0 0 0 -1 0 0 1 2 1 1 0/0 22:17 2:33 0:00
John Leonard 0 0 0 0 5 2 2 0 0 0 0/0 15:27 0:00 3:02
Jonas Rondbjerg 1 0 1 -1 0 4 0 0 0 0 1/1 16:29 2:04 0:00
Jonathan Gruden 0 0 0 0 0 0 0 0 0 0 0/0 1:53 1:06 0:00
Marc Del Gaizo 0 0 0 0 0 1 1 1 0 2 0/0 21:23 2:24 3:37
Matthew Sop 0 0 0 -1 0 0 1 1 0 0 0/0 5:09 0:00 0:00
Nick Leddy 0 0 0 0 0 1 3 0 0 0 0/0 20:06 2:24 2:48
Nico Sturm 0 0 0 0 0 6 2 0 1 0 9/14 17:36 1:12 3:02
Oskar Sundqvist 0 0 0 0 0 3 5 1 1 0 8/13 17:14 1:54 0:00
Riley Duran 0 0 0 0 0 1 1 0 0 0 0/0 16:13 0:00 3:02
Sean Walker 0 0 0 -1 0 1 1 2 0 1 0/0 22:51 2:33 0:34
Tyler Tucker 0 0 0 -1 4 1 2 0 0 1 0/0 16:08 0:10 1:53
Tyson Kozak 0 0 0 -1 0 1 2 0 1 0 3/6 23:07 1:54 3:02
Yanni Gourde 0 1 1 -2 2 3 3 0 0 0 8/15 20:54 2:01 0:00
Yegor Zamula 0 0 0 -1 0 1 0 2 0 3 0/0 17:37 0:10 3:16
Zachary Bolduc 0 0 0 0 0 4 0 1 2 0 2/2 17:14 1:54 0:00
Players Stats for Reno Silver Aces
Player Name G A P +/- PIM S H SB GA TA FO MP PP MP PK MP
------------------------------------------------------------------------------------
0 0 0 0 0 0 0 0 0 0 0/0 0:00 0:00 0:00
Anthony Duclair 0 0 0 0 4 3 1 1 2 0 0/2 17:08 3:16 0:00
Casey Fitzgerald 0 0 0 0 0 1 2 0 0 0 0/0 15:27 0:00 2:22
Charles-Alexis Legault 1 0 1 0 5 2 0 1 0 0 0/0 15:24 2:59 0:00
Cole Koepke 0 0 0 0 0 1 1 3 0 1 0/0 15:44 0:00 2:19
Curtis Lazar 0 0 0 0 0 3 1 0 0 0 5/9 17:05 3:16 0:21
Dylan Duke 0 1 1 0 0 1 2 1 0 0 2/7 12:11 2:59 0:00
Frederic Brunet 0 0 0 0 0 0 1 0 0 0 0/0 16:39 3:05 0:00
Jordan Oesterle 0 0 0 0 0 1 0 1 0 1 0/0 16:07 0:00 2:22
Kieffer Bellows 0 1 1 0 0 5 1 0 0 0 0/1 11:16 2:48 0:00
Matt Nieto 0 1 1 1 2 1 2 1 1 0 0/0 14:45 0:00 1:28
Matt Savoie 1 0 1 1 0 4 3 0 3 1 0/1 16:41 2:48 0:26
Michael Buchinger 0 0 0 2 0 1 0 0 0 0 0/0 24:00 0:00 2:45
Nicolas Deslauriers 0 0 0 0 0 1 1 0 1 0 0/0 14:01 3:05 0:59
Owen Beck 0 1 1 1 0 1 0 0 0 0 5/16 16:02 2:48 0:00
Patrick Brown 1 0 1 1 0 3 5 0 1 1 1/2 16:02 0:00 2:22
Samuel Bolduc 0 0 0 2 0 1 0 1 0 0 0/0 23:52 0:00 2:45
Tanner Laczynski 0 1 1 1 0 3 4 1 0 1 7/14 15:44 0:00 2:19
Vincent Hinostroza 0 1 1 1 0 4 0 0 0 1 0/1 16:41 3:16 0:00
3 Stars
1 - Ville Husso (RSA)
2 - Patrick Brown (RSA)
3 - Matt Savoie (RSA)
Power Play
Peoria Rivermen - 1 on 3 Attempt(s) - 33.33%
Reno Silver Aces - 1 on 4 Attempt(s) - 25.00%
Penalty Kill
Peoria Rivermen - 3 on 4 Attempt(s) - 75.00%
- Score 0 goal in Penalty Kill
Reno Silver Aces - 2 on 3 Attempt(s) - 66.67%
- Score 0 goal in Penalty Kill
Team Stat
Peoria Rivermen - Hits : 25 - Faceoff Wins : 33 - Blocked Shots : 10 - Penalty Minutes : 13
Reno Silver Aces - Hits : 24 - Faceoff Wins : 20 - Blocked Shots : 10 - Penalty Minutes : 11
Official
Referees : Graham Skilliter and Carter Sandlak
Linesman : Bryan Pancich and David Brisebois
Game Notes
John Leonard beats up Charles-Alexis Legault at 17:00 of 3rd period
Peoria Rivermen
5 vs 5 Forward
Center Left Wing Right Wing Time % Phy DF OF
1 Yanni Gourde Colin Blackwell Jonas Rondbjerg 30 1 2 2
2 Oskar Sundqvist Zachary Bolduc Tyson Kozak 30 1 2 2
3 Nico Sturm John Leonard Riley Duran 25 1 2 2
4 Tyson Kozak Matthew Sop Yanni Gourde 15 1 2 2
5 vs 5 Defense
Defense Defense Time % Phy DF OF
1 Sean Walker Jalen Chatfield 30 1 2 2
2 Marc Del Gaizo Nick Leddy 30 1 2 2
3 Yegor Zamula Tyler Tucker 25 1 2 2
4 Sean Walker Jalen Chatfield 15 1 2 2
PowerPlay Forward
Center Left Wing Right Wing Time % Phy DF OF
1 Yanni Gourde Colin Blackwell Jonas Rondbjerg 50 1 2 2
2 Oskar Sundqvist Zachary Bolduc Tyson Kozak 50 1 2 2
PowerPlay Defense
Defense Defense Time % Phy DF OF
1 Sean Walker Jalen Chatfield 50 1 2 2
2 Marc Del Gaizo Nick Leddy 50 1 2 2
Penalty Kill 4 Players Forward
Center Wing Time % Phy DF OF
1 Nico Sturm John Leonard 50 1 2 2
2 Tyson Kozak Riley Duran 50 1 2 2
Penalty Kill 4 Players Defense
Defense Defense Time % Phy DF OF
1 Yegor Zamula Tyler Tucker 50 1 2 2
2 Marc Del Gaizo Nick Leddy 50 1 2 2
Penalty Kill - 3 Players Forward
Forward Time % Phy DF OF
1 Yanni Gourde 50 1 2 2
2 Colin Blackwell 50 1 2 2
Penalty Kill - 3 Players Defense
Defense Defense Time % Phy DF OF
1 Sean Walker Jalen Chatfield 50 1 2 2
2 Marc Del Gaizo Nick Leddy 50 1 2 2
4 vs 4 Forward
Center Wing Time % Phy DF OF
1 Yanni Gourde Colin Blackwell 50 1 2 2
2 Oskar Sundqvist Zachary Bolduc 50 1 2 2
4 vs 4 Defense
Defense Defense Time % Phy DF OF
1 Sean Walker Jalen Chatfield 50 1 2 2
2 Marc Del Gaizo Nick Leddy 50 1 2 2
Last Minutes Offensive
Center Left Wing Right Wing Defense Defense
Yanni Gourde Colin Blackwell Jonas Rondbjerg Sean Walker Jalen Chatfield
Last Minutes Defensive
Center Left Wing Right Wing Defense Defense
Yanni Gourde Colin Blackwell Jonas Rondbjerg Sean Walker Jalen Chatfield
Goaltenders
Starting : Jaxson Stauber
Backup : Unknown Goalie
Extra Forwards
Normal : Gabriel Szturc, Jonathan Gruden, Nico Sturm - PP : Gabriel Szturc, Jonathan Gruden - PK : Nico Sturm
Extra Defensemen
Normal : Yegor Zamula, Tyler Tucker, Marc Del Gaizo - PP : Yegor Zamula - PK : Tyler Tucker, Marc Del Gaizo
Penalty Shots
Yanni Gourde, Colin Blackwell, Oskar Sundqvist, Zachary Bolduc, Nico Sturm
Scratches
Ryan Ufko (Healthy), Victor Soderstrom (Healthy), Tanner Fritz (Healthy), Matt Kessel (Healthy)
Reno Silver Aces
5 vs 5 Forward
Center Left Wing Right Wing Time % Phy DF OF
1 Curtis Lazar Anthony Duclair Cole Koepke 30 1 2 2
2 Tanner Laczynski Patrick Brown Vincent Hinostroza 30 1 2 2
3 Owen Beck Matt Savoie Matt Nieto 25 1 2 2
4 Dylan Duke Kieffer Bellows Nicolas Deslauriers 15 1 2 2
5 vs 5 Defense
Defense Defense Time % Phy DF OF
1 Michael Buchinger Samuel Bolduc 30 1 2 2
2 Jordan Oesterle Frederic Brunet 30 1 2 2
3 Charles-Alexis Legault Casey Fitzgerald 25 1 2 2
4 Michael Buchinger Samuel Bolduc 15 1 2 2
PowerPlay Forward
Center Left Wing Right Wing Time % Phy DF OF
1 Curtis Lazar Anthony Duclair Vincent Hinostroza 50 1 2 2
2 Owen Beck Kieffer Bellows Matt Savoie 50 1 2 2
PowerPlay Defense
Defense Defense Time % Phy DF OF
1 Nicolas Deslauriers Frederic Brunet 50 1 2 2
2 Charles-Alexis Legault Dylan Duke 50 1 2 2
Penalty Kill 4 Players Forward
Center Wing Time % Phy DF OF
1 Tanner Laczynski Cole Koepke 50 1 2 2
2 Patrick Brown Matt Nieto 50 1 2 2
Penalty Kill 4 Players Defense
Defense Defense Time % Phy DF OF
1 Michael Buchinger Samuel Bolduc 50 1 2 2
2 Jordan Oesterle Casey Fitzgerald 50 1 2 2
Penalty Kill - 3 Players Forward
Forward Time % Phy DF OF
1 Tanner Laczynski 50 1 2 2
2 Patrick Brown 50 1 2 2
Penalty Kill - 3 Players Defense
Defense Defense Time % Phy DF OF
1 Michael Buchinger Samuel Bolduc 50 1 2 2
2 Nicolas Deslauriers Jordan Oesterle 50 1 2 2
4 vs 4 Forward
Center Wing Time % Phy DF OF
1 Curtis Lazar Anthony Duclair 50 1 2 2
2 Tanner Laczynski Vincent Hinostroza 50 1 2 2
4 vs 4 Defense
Defense Defense Time % Phy DF OF
1 Michael Buchinger Samuel Bolduc 50 1 2 2
2 Jordan Oesterle Casey Fitzgerald 50 1 2 2
Last Minutes Offensive
Center Left Wing Right Wing Defense Defense
Curtis Lazar Anthony Duclair Vincent Hinostroza Michael Buchinger Samuel Bolduc
Last Minutes Defensive
Center Left Wing Right Wing Defense Defense
Tanner Laczynski Cole Koepke Matt Nieto Michael Buchinger Samuel Bolduc
Goaltenders
Starting : Ville Husso
Backup : Jiri Patera
Extra Forwards
Normal : Matt Savoie, Anthony Duclair, Vincent Hinostroza - PP : Tanner Laczynski, Matt Savoie - PK : Nicolas Deslauriers
Extra Defensemen
Normal : Jordan Oesterle, Michael Buchinger, Samuel Bolduc - PP : Samuel Bolduc - PK : Frederic Brunet, Charles-Alexis Legault
Penalty Shots
Curtis Lazar, Anthony Duclair, Vincent Hinostroza, Matt Savoie, Cole Koepke
Scratches
Marc-Edouard Vlasic (Healthy), William Dufour (Healthy), Jacob Melanson (Healthy), Jagger Firkus (Healthy), Christian Kyrou (Healthy)
Justin Gill (Healthy), Dustin Tokarski (Healthy)
% Time on Ice - Peoria Rivermen
Lines # - Real PCT - Wanted PCT - Time Play
Normal Forward
1 - 30% - 30% - 14:49
2 - 32% - 30% - 15:45
3 - 27% - 25% - 13:06
4 - 11% - 15% - 5:09
Normal Defense
1 - 31% - 30% - 15:21
2 - 32% - 30% - 15:30
3 - 25% - 25% - 12:25
4 - 11% - 15% - 5:33
PP Forward
1 - 47% - 50% - 2:23
2 - 53% - 50% - 2:44
PP Defense
1 - 50% - 50% - 2:33
2 - 50% - 50% - 2:34
PK Forward
1 - 50% - 50% - 3:02
2 - 50% - 50% - 3:02
PK Defense
1 - 54% - 50% - 3:16
2 - 46% - 50% - 2:48
PK3 Forward
1 - 0% - 50%
2 - 0% - 50%
PK3 Defense
1 - 0% - 50%
2 - 0% - 50%
44 Forward
1 - 0% - 50%
2 - 0% - 50%
44 Defense
1 - 0% - 50%
2 - 0% - 50%
Last Minute Offensive - 0:00
Last Minute Defensive - 0:00
Total
Forward - 60:00
Defense - 60:00
|
% Time on Ice - Reno Silver Aces
Lines # - Real PCT - Wanted PCT - Time Play
Normal Forward
1 - 28% - 30% - 13:33
2 - 29% - 30% - 13:56
3 - 27% - 25% - 13:03
4 - 17% - 15% - 8:17
Normal Defense
1 - 29% - 30% - 14:09
2 - 31% - 30% - 15:05
3 - 26% - 25% - 12:37
4 - 14% - 15% - 6:58
PP Forward
1 - 54% - 50% - 3:16
2 - 46% - 50% - 2:48
PP Defense
1 - 51% - 50% - 3:05
2 - 49% - 50% - 2:59
PK Forward
1 - 47% - 50% - 2:24
2 - 53% - 50% - 2:43
PK Defense
1 - 54% - 50% - 2:45
2 - 46% - 50% - 2:22
PK3 Forward
1 - 0% - 50%
2 - 0% - 50%
PK3 Defense
1 - 0% - 50%
2 - 0% - 50%
44 Forward
1 - 0% - 50%
2 - 0% - 50%
44 Defense
1 - 0% - 50%
2 - 0% - 50%
Last Minute Offensive - 0:00
Last Minute Defensive - 0:00
Total
Forward - 60:00
Defense - 60:00
|
Play-by-Play
1st period
0:01 of 1st period - Yanni Gourde wins face-off versus Curtis Lazar in neutral zone.
0:34 of 1st period - Slapshot by Tyson Kozak.
0:34 of 1st period - Shot Misses the Net.
1:08 of 1st period - Wrist shot by Kieffer Bellows.
1:08 of 1st period - Shot Misses the Net.
2:05 of 1st period - Icing by Yegor Zamula.
2:06 of 1st period - Oskar Sundqvist wins face-off versus Tanner Laczynski in Peoria Rivermen zone.
2:06 of 1st period - Oskar Sundqvist is hit by Patrick Brown.
2:12 of 1st period - Slapshot by Oskar Sundqvist.
2:12 of 1st period - Stopped by Ville Husso with a rebound.
2:52 of 1st period - Wrist shot by Tyson Kozak.
2:52 of 1st period - Shot Misses the Net.
2:54 of 1st period - Slapshot by Jalen Chatfield.
2:54 of 1st period - Shot Misses the Net.
3:08 of 1st period - Zachary Bolduc is hit by Curtis Lazar and loses puck.
3:17 of 1st period - Wrist shot by Anthony Duclair.
3:17 of 1st period - Stopped by Jaxson Stauber without a rebound.
3:18 of 1st period - Nico Sturm wins face-off versus Owen Beck in Peoria Rivermen zone.
3:45 of 1st period - Jalen Chatfield is hit by Frederic Brunet and loses puck.
3:59 of 1st period - Icing by Colin Blackwell.
4:00 of 1st period - Nico Sturm wins face-off versus Dylan Duke in Peoria Rivermen zone.
5:37 of 1st period - Tanner Laczynski is hit by Marc Del Gaizo and loses puck.
6:49 of 1st period - Wrist shot by Matt Nieto.
6:49 of 1st period - Stopped by Jaxson Stauber without a rebound.
6:50 of 1st period - Tanner Laczynski wins face-off versus Nico Sturm in Peoria Rivermen zone.
6:59 of 1st period - Wrist shot by Tanner Laczynski.
6:59 of 1st period - Shot Misses the Net.
7:07 of 1st period - Tanner Laczynski is hit by Riley Duran.
7:49 of 1st period - Wrist shot by Kieffer Bellows.
7:49 of 1st period - Stopped by Jaxson Stauber with a rebound.
7:59 of 1st period - Snap shot by Anthony Duclair.
7:59 of 1st period - Shot Misses the Net.
8:01 of 1st period - Snap shot by Charles-Alexis Legault.
8:01 of 1st period - Shot Misses the Net.
8:07 of 1st period - Wrist shot by Anthony Duclair.
8:07 of 1st period - Stopped by Jaxson Stauber with a rebound.
8:09 of 1st period - Snap shot by Curtis Lazar.
8:09 of 1st period - Shot Misses the Net.
8:25 of 1st period - Snap shot by Tyson Kozak.
8:25 of 1st period - Deflect By Zachary Bolduc.
8:25 of 1st period - Shot Misses the Net.
8:25 of 1st period - Puck is out of play.
8:26 of 1st period - Zachary Bolduc wins face-off versus Owen Beck in Reno Silver Aces zone.
8:27 of 1st period - Backhand shot by Tyson Kozak.
8:27 of 1st period - Stopped by Ville Husso with a rebound.
8:36 of 1st period - Nick Leddy is hit by Matt Nieto and loses puck.
8:51 of 1st period - John Leonard is hit by Casey Fitzgerald and loses puck.
9:19 of 1st period - Wrist shot by Vincent Hinostroza.
9:19 of 1st period - Shot Blocked by Oskar Sundqvist.
9:21 of 1st period - Snap shot by Patrick Brown.
9:21 of 1st period - Stopped by Jaxson Stauber with a rebound.
9:23 of 1st period - Slapshot by Charles-Alexis Legault.
9:23 of 1st period - Stopped by Jaxson Stauber with a rebound.
9:25 of 1st period - Wrist shot by Patrick Brown.
9:25 of 1st period - Shot Misses the Net.
9:27 of 1st period - Slapshot by Charles-Alexis Legault.
9:27 of 1st period - Shot Misses the Net.
9:35 of 1st period - Charles-Alexis Legault is hit by Tyler Tucker and loses puck.
9:52 of 1st period - Wrist shot by John Leonard.
9:52 of 1st period - Stopped by Ville Husso without a rebound.
9:53 of 1st period - Nico Sturm wins face-off versus Curtis Lazar in Reno Silver Aces zone.
11:14 of 1st period - Minor Penalty to Colin Blackwell for Tripping.
11:15 of 1st period - Nico Sturm wins face-off versus Anthony Duclair in Peoria Rivermen zone.
11:41 of 1st period - Tyson Kozak is hit by Matt Savoie and loses puck.
12:12 of 1st period - Owen Beck is hit by Tyson Kozak and loses puck.
12:50 of 1st period - Icing by Matt Savoie.
12:51 of 1st period - Nico Sturm wins face-off versus Owen Beck in Reno Silver Aces zone.
13:14 of 1st period - Penalty to Colin Blackwell is over, Colin Blackwell is back on ice.
13:31 of 1st period - Snap shot by Yanni Gourde.
13:31 of 1st period - Shot Blocked by Charles-Alexis Legault.
14:03 of 1st period - Vincent Hinostroza is hit by Yanni Gourde and loses puck.
14:33 of 1st period - Frederic Brunet is hit by Matthew Sop and loses puck.
15:02 of 1st period - Anthony Duclair is hit by John Leonard and loses puck.
15:15 of 1st period - Yanni Gourde is hit by Patrick Brown and loses puck.
16:41 of 1st period - Icing by Tyler Tucker.
16:42 of 1st period - Nico Sturm wins face-off versus Owen Beck in Peoria Rivermen zone.
16:49 of 1st period - Slapshot by Nico Sturm.
16:49 of 1st period - Stopped by Ville Husso with a rebound.
16:51 of 1st period - Snap shot by Nico Sturm.
16:51 of 1st period - Stopped by Ville Husso with a rebound.
16:53 of 1st period - Wrist shot by Nico Sturm.
16:53 of 1st period - Stopped by Ville Husso with a rebound.
16:55 of 1st period - Snap shot by Nico Sturm.
16:55 of 1st period - Shot Blocked by Matt Nieto.
17:12 of 1st period - Slapshot by Anthony Duclair.
17:12 of 1st period - Deflect By Cole Koepke.
17:12 of 1st period - Stopped by Jaxson Stauber without a rebound.
17:13 of 1st period - Yanni Gourde wins face-off versus Curtis Lazar in Peoria Rivermen zone.
17:38 of 1st period - Casey Fitzgerald is hit by Yanni Gourde and loses puck.
18:08 of 1st period - Snap shot by Yanni Gourde.
18:08 of 1st period - Stopped by Ville Husso with a rebound.
18:12 of 1st period - Wrist shot by Jonas Rondbjerg.
18:12 of 1st period - Stopped by Ville Husso without a rebound.
18:13 of 1st period - Oskar Sundqvist wins face-off versus Owen Beck in Reno Silver Aces zone.
18:14 of 1st period - Wrist shot by Zachary Bolduc.
18:14 of 1st period - Stopped by Ville Husso without a rebound.
18:15 of 1st period - Owen Beck wins face-off versus Oskar Sundqvist in Reno Silver Aces zone.
18:24 of 1st period - Slapshot by Matt Savoie.
18:24 of 1st period - Stopped by Jaxson Stauber with a rebound.
18:40 of 1st period - John Leonard is hit by Patrick Brown and loses puck.
18:45 of 1st period - Wrist shot by Tanner Laczynski.
18:45 of 1st period - Stopped by Jaxson Stauber without a rebound.
18:46 of 1st period - Nico Sturm wins face-off versus Tanner Laczynski in Peoria Rivermen zone.
19:08 of 1st period - Wrist shot by Tanner Laczynski.
19:08 of 1st period - Shot Misses the Net.
19:10 of 1st period - Slapshot by Jordan Oesterle.
19:10 of 1st period - Stopped by Jaxson Stauber with a rebound.
Goals for this period are 0 for Peoria Rivermen vs 0 for Reno Silver Aces.
Shots for this period are 9 for Peoria Rivermen vs 10 for Reno Silver Aces.
2nd period
0:01 of 2nd period - Tyson Kozak wins face-off versus Owen Beck in neutral zone.
0:21 of 2nd period - Minor Penalty to Yanni Gourde for Roughing.
0:22 of 2nd period - Curtis Lazar wins face-off versus Tyson Kozak in Peoria Rivermen zone.
0:31 of 2nd period - Snap shot by Vincent Hinostroza.
0:31 of 2nd period - Shot Misses the Net.
0:57 of 2nd period - Kieffer Bellows is hit by Nick Leddy and loses puck.
1:07 of 2nd period - Icing by Kieffer Bellows.
1:08 of 2nd period - Owen Beck wins face-off versus Nico Sturm in Reno Silver Aces zone.
1:13 of 2nd period - Yegor Zamula is hit by Dylan Duke and loses puck.
1:24 of 2nd period - Snap shot by Anthony Duclair.
1:24 of 2nd period - Stopped by Jaxson Stauber with a rebound.
2:21 of 2nd period - Penalty to Yanni Gourde is over, Yanni Gourde is back on ice.
2:30 of 2nd period - Slapshot by Colin Blackwell.
2:30 of 2nd period - Stopped by Ville Husso with a rebound.
2:32 of 2nd period - Snap shot by Yanni Gourde.
2:32 of 2nd period - Shot Blocked by Dylan Duke.
2:34 of 2nd period - Wrist shot by Jonas Rondbjerg.
2:34 of 2nd period - Stopped by Ville Husso without a rebound.
2:35 of 2nd period - Curtis Lazar wins face-off versus Yanni Gourde in Reno Silver Aces zone.
2:44 of 2nd period - Snap shot by Curtis Lazar.
2:44 of 2nd period - Stopped by Jaxson Stauber with a rebound.
2:56 of 2nd period - Wrist shot by Colin Blackwell.
2:56 of 2nd period - Shot Misses the Net.
3:30 of 2nd period - Off-side.
3:31 of 2nd period - Oskar Sundqvist wins face-off versus Anthony Duclair in neutral zone.
3:53 of 2nd period - Snap shot by Vincent Hinostroza.
3:53 of 2nd period - Shot Misses the Net.
3:55 of 2nd period - Wrist shot by Vincent Hinostroza.
3:55 of 2nd period - Deflect By Patrick Brown.
3:55 of 2nd period - Shot Misses the Net.
3:55 of 2nd period - Puck is out of play.
3:56 of 2nd period - Yanni Gourde wins face-off versus Tanner Laczynski in Peoria Rivermen zone.
4:05 of 2nd period - Jalen Chatfield is hit by Patrick Brown and loses puck.
4:12 of 2nd period - Snap shot by Colin Blackwell.
4:12 of 2nd period - Stopped by Ville Husso without a rebound.
4:13 of 2nd period - Oskar Sundqvist wins face-off versus Curtis Lazar in Reno Silver Aces zone.
4:20 of 2nd period - Slapshot by Oskar Sundqvist.
4:20 of 2nd period - Stopped by Ville Husso with a rebound.
4:22 of 2nd period - Slapshot by Sean Walker.
4:22 of 2nd period - Shot Misses the Net.
4:24 of 2nd period - Slapshot by Tyson Kozak.
4:24 of 2nd period - Shot Misses the Net.
4:26 of 2nd period - Snap shot by Oskar Sundqvist.
4:26 of 2nd period - Shot Blocked by Cole Koepke.
4:28 of 2nd period - Snap shot by Zachary Bolduc.
4:28 of 2nd period - Shot Blocked by Cole Koepke.
4:34 of 2nd period - Minor Penalty to Anthony Duclair for Goalie Interference.
4:35 of 2nd period - Jonas Rondbjerg wins face-off versus Tanner Laczynski in Reno Silver Aces zone.
4:59 of 2nd period - Jonas Rondbjerg is hit by Patrick Brown and loses puck.
5:10 of 2nd period - Snap shot by Jonas Rondbjerg.
5:10 of 2nd period - Shot Blocked by Tanner Laczynski.
5:12 of 2nd period - Snap shot by Yanni Gourde.
5:12 of 2nd period - Deflect By Jonas Rondbjerg.
5:12 of 2nd period - Shot Blocked by Cole Koepke.
5:12 of 2nd period - Puck is out of play.
5:13 of 2nd period - Tanner Laczynski wins face-off versus Oskar Sundqvist in Reno Silver Aces zone.
5:28 of 2nd period - Wrist shot by Patrick Brown.
5:28 of 2nd period - Shot Misses the Net.
5:30 of 2nd period - Wrist shot by Patrick Brown.
5:30 of 2nd period - Deflect By Matt Nieto.
5:30 of 2nd period - Deflect By Nick Leddy.
5:30 of 2nd period - Shot Blocked by Zachary Bolduc.
5:30 of 2nd period - Puck is out of play.
5:31 of 2nd period - Tanner Laczynski wins face-off versus Yanni Gourde in Peoria Rivermen zone.
5:37 of 2nd period - Off-side.
5:38 of 2nd period - Yanni Gourde wins face-off versus Tanner Laczynski in neutral zone.
5:41 of 2nd period - Wrist shot by Colin Blackwell.
5:41 of 2nd period - Shot Misses the Net.
5:43 of 2nd period - Slapshot by Jonas Rondbjerg.
5:43 of 2nd period - Goal by Jonas Rondbjerg - Peoria Rivermen : 1 - Reno Silver Aces : 0.
5:44 of 2nd period - Dylan Duke wins face-off versus Tyson Kozak in neutral zone.
6:36 of 2nd period - Yanni Gourde is hit by Matt Nieto and loses puck.
6:43 of 2nd period - Marc Del Gaizo is hit by Matt Savoie and loses puck.
7:19 of 2nd period - Snap shot by Colin Blackwell.
7:19 of 2nd period - Shot Misses the Net.
7:33 of 2nd period - Wrist shot by Curtis Lazar.
7:33 of 2nd period - Stopped by Jaxson Stauber with a rebound.
8:04 of 2nd period - Minor Penalty to Matt Nieto for Tripping.
8:05 of 2nd period - Patrick Brown wins face-off versus Oskar Sundqvist in Reno Silver Aces zone.
8:05 of 2nd period - Patrick Brown is hit by Sean Walker.
8:56 of 2nd period - Nicolas Deslauriers is hit by Jalen Chatfield and loses puck.
10:04 of 2nd period - Penalty to Matt Nieto is over, Matt Nieto is back on ice.
10:12 of 2nd period - Wrist shot by Riley Duran.
10:12 of 2nd period - Stopped by Ville Husso with a rebound.
10:14 of 2nd period - Slapshot by Tyler Tucker.
10:14 of 2nd period - Shot Misses the Net.
10:26 of 2nd period - Snap shot by Matt Nieto.
10:26 of 2nd period - Shot Misses the Net.
10:46 of 2nd period - Nico Sturm is hit by Kieffer Bellows and loses puck.
10:53 of 2nd period - Wrist shot by Kieffer Bellows.
10:53 of 2nd period - Stopped by Jaxson Stauber with a rebound.
11:15 of 2nd period - Riley Duran is hit by Nicolas Deslauriers and loses puck.
11:30 of 2nd period - Icing by Patrick Brown.
11:31 of 2nd period - Curtis Lazar wins face-off versus Yanni Gourde in Reno Silver Aces zone.
12:38 of 2nd period - Michael Buchinger is hit by Oskar Sundqvist.
13:15 of 2nd period - Icing by Matt Savoie.
13:16 of 2nd period - Gabriel Szturc wins face-off versus Matt Savoie in Reno Silver Aces zone.
13:39 of 2nd period - Slapshot by Marc Del Gaizo.
13:39 of 2nd period - Deflect By Zachary Bolduc.
13:39 of 2nd period - Shot Blocked by Anthony Duclair.
13:39 of 2nd period - Puck is out of play.
13:40 of 2nd period - Yanni Gourde wins face-off versus Patrick Brown in Reno Silver Aces zone.
13:41 of 2nd period - Snap shot by Colin Blackwell.
13:41 of 2nd period - Stopped by Ville Husso with a rebound.
13:47 of 2nd period - Wrist shot by Vincent Hinostroza.
13:47 of 2nd period - Deflect By Patrick Brown.
13:47 of 2nd period - Stopped by Jaxson Stauber with a rebound.
13:49 of 2nd period - Snap shot by Vincent Hinostroza.
13:49 of 2nd period - Stopped by Jaxson Stauber without a rebound.
13:50 of 2nd period - Tanner Laczynski wins face-off versus Yanni Gourde in Peoria Rivermen zone.
13:55 of 2nd period - Slapshot by Vincent Hinostroza.
13:55 of 2nd period - Stopped by Jaxson Stauber with a rebound.
13:57 of 2nd period - Slapshot by Patrick Brown.
13:57 of 2nd period - Goal by Patrick Brown - Peoria Rivermen : 1 - Reno Silver Aces : 1.
13:58 of 2nd period - Oskar Sundqvist wins face-off versus Vincent Hinostroza in neutral zone.
14:32 of 2nd period - Slapshot by Cole Koepke.
14:32 of 2nd period - Shot Blocked by Yegor Zamula.
14:49 of 2nd period - Icing by Nico Sturm.
14:50 of 2nd period - Tanner Laczynski wins face-off versus Nico Sturm in Peoria Rivermen zone.
14:53 of 2nd period - Snap shot by Tanner Laczynski.
14:53 of 2nd period - Stopped by Jaxson Stauber with a rebound.
15:05 of 2nd period - Wrist shot by John Leonard.
15:05 of 2nd period - Stopped by Ville Husso with a rebound.
15:17 of 2nd period - Charles-Alexis Legault is hit by John Leonard and loses puck.
15:54 of 2nd period - Sean Walker is hit by Matt Savoie and loses puck.
17:19 of 2nd period - Curtis Lazar is hit by Nico Sturm and loses puck.
17:55 of 2nd period - Jonas Rondbjerg is hit by Tanner Laczynski and loses puck.
19:06 of 2nd period - Matthew Sop is hit by Anthony Duclair and loses puck.
19:16 of 2nd period - Minor Penalty to Tyler Tucker for Interference.
19:17 of 2nd period - Curtis Lazar wins face-off versus Nico Sturm in Peoria Rivermen zone.
19:17 of 2nd period - Snap shot by Anthony Duclair.
19:17 of 2nd period - Shot Misses the Net.
Goals for this period are 1 for Peoria Rivermen vs 1 for Reno Silver Aces.
Shots for this period are 8 for Peoria Rivermen vs 9 for Reno Silver Aces.
3rd period
0:01 of 3rd period - Nico Sturm wins face-off versus Owen Beck in neutral zone.
0:26 of 3rd period - Anthony Duclair is hit by Tyson Kozak and loses puck.
1:16 of 3rd period - Penalty to Tyler Tucker is over, Tyler Tucker is back on ice.
2:21 of 3rd period - Snap shot by Yanni Gourde.
2:21 of 3rd period - Stopped by Ville Husso with a rebound.
3:19 of 3rd period - Slapshot by Tanner Laczynski.
3:19 of 3rd period - Stopped by Jaxson Stauber with a rebound.
3:49 of 3rd period - Tyler Tucker is hit by Tanner Laczynski.
3:59 of 3rd period - Samuel Bolduc is hit by Nick Leddy and loses puck.
4:22 of 3rd period - Vincent Hinostroza is hit by Tyler Tucker and loses puck.
4:39 of 3rd period - Curtis Lazar is hit by Oskar Sundqvist and loses puck.
4:58 of 3rd period - Snap shot by Kieffer Bellows.
4:58 of 3rd period - Stopped by Jaxson Stauber without a rebound.
4:59 of 3rd period - Dylan Duke wins face-off versus Yanni Gourde in Peoria Rivermen zone.
5:29 of 3rd period - Snap shot by Nico Sturm.
5:29 of 3rd period - Stopped by Ville Husso with a rebound.
5:31 of 3rd period - Backhand shot by Sean Walker.
5:31 of 3rd period - Stopped by Ville Husso without a rebound.
5:32 of 3rd period - Colin Blackwell wins face-off versus Owen Beck in Reno Silver Aces zone.
5:56 of 3rd period - John Leonard is hit by Tanner Laczynski and loses puck.
6:05 of 3rd period - Patrick Brown is hit by Nick Leddy and loses puck.
6:33 of 3rd period - Icing by Jordan Oesterle.
6:34 of 3rd period - Yanni Gourde wins face-off versus Dylan Duke in Reno Silver Aces zone.
6:37 of 3rd period - Snap shot by Colin Blackwell.
6:37 of 3rd period - Stopped by Ville Husso without a rebound.
6:38 of 3rd period - Yanni Gourde wins face-off versus Dylan Duke in Reno Silver Aces zone.
6:39 of 3rd period - Snap shot by Colin Blackwell.
6:39 of 3rd period - Stopped by Ville Husso with a rebound.
6:51 of 3rd period - Slapshot by Samuel Bolduc.
6:51 of 3rd period - Shot Blocked by Jalen Chatfield.
6:53 of 3rd period - Slapshot by Samuel Bolduc.
6:53 of 3rd period - Shot Blocked by Jalen Chatfield.
7:31 of 3rd period - Slapshot by Nico Sturm.
7:31 of 3rd period - Stopped by Ville Husso with a rebound.
7:51 of 3rd period - Slapshot by Jordan Oesterle.
7:51 of 3rd period - Shot Misses the Net.
7:53 of 3rd period - Snap shot by Nicolas Deslauriers.
7:53 of 3rd period - Stopped by Jaxson Stauber with a rebound.
8:11 of 3rd period - Wrist shot by Oskar Sundqvist.
8:11 of 3rd period - Stopped by Ville Husso with a rebound.
8:13 of 3rd period - Backhand shot by Tyler Tucker.
8:13 of 3rd period - Stopped by Ville Husso without a rebound.
8:14 of 3rd period - Zachary Bolduc wins face-off versus Tanner Laczynski in Reno Silver Aces zone.
8:41 of 3rd period - Vincent Hinostroza is hit by Yanni Gourde and loses puck.
8:58 of 3rd period - Snap shot by Vincent Hinostroza.
8:58 of 3rd period - Stopped by Jaxson Stauber with a rebound.
9:20 of 3rd period - Charles-Alexis Legault is hit by Oskar Sundqvist.
9:23 of 3rd period - Off-side.
9:24 of 3rd period - Oskar Sundqvist wins face-off versus Owen Beck in neutral zone.
9:33 of 3rd period - Slapshot by Zachary Bolduc.
9:33 of 3rd period - Stopped by Ville Husso with a rebound.
10:09 of 3rd period - Slapshot by Tyler Tucker.
10:09 of 3rd period - Shot Misses the Net.
10:11 of 3rd period - Snap shot by John Leonard.
10:11 of 3rd period - Shot Blocked by Jordan Oesterle.
10:13 of 3rd period - Slapshot by Yegor Zamula.
10:13 of 3rd period - Stopped by Ville Husso with a rebound.
10:15 of 3rd period - Slapshot by Yegor Zamula.
10:15 of 3rd period - Deflect By Nico Sturm.
10:15 of 3rd period - Shot Misses the Net.
10:15 of 3rd period - Puck is out of play.
10:16 of 3rd period - Tanner Laczynski wins face-off versus Oskar Sundqvist in Reno Silver Aces zone.
10:29 of 3rd period - Snap shot by Oskar Sundqvist.
10:29 of 3rd period - Shot Blocked by Samuel Bolduc.
10:31 of 3rd period - Wrist shot by Zachary Bolduc.
10:31 of 3rd period - Stopped by Ville Husso with a rebound.
11:10 of 3rd period - Snap shot by Nico Sturm.
11:10 of 3rd period - Stopped by Ville Husso with a rebound.
11:20 of 3rd period - Slapshot by Jordan Oesterle.
11:20 of 3rd period - Shot Blocked by Marc Del Gaizo.
11:23 of 3rd period - Icing by Tyson Kozak.
11:24 of 3rd period - Oskar Sundqvist wins face-off versus Dylan Duke in Peoria Rivermen zone.
11:33 of 3rd period - Samuel Bolduc is hit by Oskar Sundqvist and loses puck.
11:50 of 3rd period - Slapshot by Zachary Bolduc.
11:50 of 3rd period - Stopped by Ville Husso without a rebound.
11:51 of 3rd period - Yanni Gourde wins face-off versus Tanner Laczynski in Reno Silver Aces zone.
11:52 of 3rd period - Slapshot by Colin Blackwell.
11:52 of 3rd period - Stopped by Ville Husso with a rebound.
12:08 of 3rd period - Colin Blackwell is hit by Tanner Laczynski and loses puck.
12:34 of 3rd period - Off-side.
12:35 of 3rd period - Owen Beck wins face-off versus Oskar Sundqvist in neutral zone.
13:04 of 3rd period - Tyler Tucker is hit by Casey Fitzgerald and loses puck.
13:11 of 3rd period - Snap shot by Vincent Hinostroza.
13:11 of 3rd period - Stopped by Jaxson Stauber with a rebound.
13:36 of 3rd period - Slapshot by Kieffer Bellows.
13:36 of 3rd period - Stopped by Jaxson Stauber without a rebound.
13:37 of 3rd period - Curtis Lazar wins face-off versus Yanni Gourde in Peoria Rivermen zone.
13:41 of 3rd period - Minor Penalty to Anthony Duclair for Cross-checking.
13:42 of 3rd period - Tanner Laczynski wins face-off versus Yanni Gourde in Reno Silver Aces zone.
13:51 of 3rd period - Slapshot by Nick Leddy.
13:51 of 3rd period - Stopped by Ville Husso with a rebound.
13:53 of 3rd period - Snap shot by Jonas Rondbjerg.
13:53 of 3rd period - Stopped by Ville Husso with a rebound.
13:55 of 3rd period - Wrist shot by Colin Blackwell.
13:55 of 3rd period - Shot Misses the Net.
13:57 of 3rd period - Snap shot by Marc Del Gaizo.
13:57 of 3rd period - Deflect By Casey Fitzgerald.
13:57 of 3rd period - Stopped by Ville Husso with a rebound.
14:54 of 3rd period - Tanner Laczynski is hit by Oskar Sundqvist and loses puck.
15:17 of 3rd period - Casey Fitzgerald is hit by Gabriel Szturc.
15:41 of 3rd period - Penalty to Anthony Duclair is over, Anthony Duclair is back on ice.
15:50 of 3rd period - Off-side.
15:51 of 3rd period - Oskar Sundqvist wins face-off versus Kieffer Bellows in neutral zone.
15:53 of 3rd period - Minor Penalty to Tyler Tucker for Cross-checking.
15:54 of 3rd period - Owen Beck wins face-off versus Nico Sturm in Peoria Rivermen zone.
15:54 of 3rd period - Wrist shot by Kieffer Bellows.
15:54 of 3rd period - Shot Blocked by Yegor Zamula.
15:56 of 3rd period - Wrist shot by Kieffer Bellows.
15:56 of 3rd period - Stopped by Jaxson Stauber with a rebound.
15:58 of 3rd period - Slapshot by Dylan Duke.
15:58 of 3rd period - Stopped by Jaxson Stauber with a rebound.
16:00 of 3rd period - Slapshot by Charles-Alexis Legault.
16:00 of 3rd period - Goal by Charles-Alexis Legault - Peoria Rivermen : 1 - Reno Silver Aces : 2.
16:01 of 3rd period - Owen Beck wins face-off versus Tyson Kozak in neutral zone.
16:06 of 3rd period - Snap shot by Matt Savoie.
16:06 of 3rd period - Shot Blocked by Matthew Sop.
16:08 of 3rd period - Wrist shot by Samuel Bolduc.
16:08 of 3rd period - Stopped by Jaxson Stauber with a rebound.
16:10 of 3rd period - Slapshot by Michael Buchinger.
16:10 of 3rd period - Stopped by Jaxson Stauber without a rebound.
16:11 of 3rd period - Tyson Kozak wins face-off versus Owen Beck in Peoria Rivermen zone.
16:20 of 3rd period - Snap shot by Yanni Gourde.
16:20 of 3rd period - Stopped by Ville Husso with a rebound.
16:39 of 3rd period - Wrist shot by Matt Savoie.
16:39 of 3rd period - Stopped by Jaxson Stauber with a rebound.
16:53 of 3rd period - Snap shot by Matt Savoie.
16:53 of 3rd period - Goal by Matt Savoie - Peoria Rivermen : 1 - Reno Silver Aces : 3.
16:54 of 3rd period - Nico Sturm wins face-off versus Dylan Duke in neutral zone.
16:54 of 3rd period - Yegor Zamula is hit by Dylan Duke and loses puck.
17:00 of 3rd period - John Leonard beats up Charles-Alexis Legault.
17:00 of 3rd period - Penalty to Charles-Alexis Legault for Fighting.
17:00 of 3rd period - Penalty to John Leonard for Fighting.
17:01 of 3rd period - Tyson Kozak wins face-off versus Owen Beck in Reno Silver Aces zone.
17:38 of 3rd period - Snap shot by Owen Beck.
17:38 of 3rd period - Stopped by Jaxson Stauber with a rebound.
17:49 of 3rd period - Matt Savoie is hit by Nico Sturm and loses puck.
17:58 of 3rd period - Snap shot by Matt Savoie.
17:58 of 3rd period - Stopped by Jaxson Stauber with a rebound.
18:34 of 3rd period - Oskar Sundqvist is hit by Cole Koepke and loses puck.
18:45 of 3rd period - Snap shot by Curtis Lazar.
18:45 of 3rd period - Stopped by Jaxson Stauber with a rebound.
18:55 of 3rd period - Wrist shot by Patrick Brown.
18:55 of 3rd period - Shot Blocked by Sean Walker.
19:20 of 3rd period - Wrist shot by Kieffer Bellows.
19:20 of 3rd period - Shot Blocked by Sean Walker.
19:22 of 3rd period - Slapshot by Casey Fitzgerald.
19:22 of 3rd period - Stopped by Jaxson Stauber with a rebound.
19:24 of 3rd period - Slapshot by Jordan Oesterle.
19:24 of 3rd period - Shot Misses the Net.
Goals for this period are 0 for Peoria Rivermen vs 2 for Reno Silver Aces.
Shots for this period are 18 for Peoria Rivermen vs 17 for Reno Silver Aces.
Back to the Top